 Dungeon Crawl Stone Soup version 0.29-a0-557-g43b9904bd1 (webtiles) character file.

Game seed: 11775911645699268630

415 porpoise the Grave Robber (level 6, -5/49 HPs)
             Began as a Demonspawn Necromancer on June 9, 2022.
             Slain by a gnoll
             ... wielding a +0 spear
              (7 damage)
             ... on level 4 of the Dungeon.
             The game lasted 00:21:56 (4450 turns).

porpoise the Grave Robber (Demonspawn Necromancer)  Turns: 4450, Time: 00:21:57

Health: -5/49      AC:  2    Str: 10    XL:     6   Next: 60%
Magic:  9/9        EV: 12    Int: 28    God:
Gold:   224        SH:  0    Dex: 14    Spells: 5/9 levels left

rFire   . . .      SeeInvis .     - Unarmed
rCold   . . .      Faith    .   (no shield)
rNeg    . . .      Spirit   .   c - +0 robe
rPois   .          Reflect  .   l - +0 hat
rElec   .          Harm     .   (no cloak)
rCorr   .          Rampage  .   (no gloves)
Will    .....                   (no boots)
Stlth   ++........              (no amulet)
HPRegen 0.16/turn               m - +6 ring of intelligence
MPRegen 0.11/turn               d - +6 ring of intelligence

@: no status effects
A: antennae 2, claws 1
a: no special abilities


You were on level 4 of the Dungeon.
You visited 1 branch of the dungeon, and saw 4 of its levels.

You collected 224 gold pieces.

Inventory:

Hand Weapons
 b - a +0 hunting sling
 w - a +0 short sword
Missiles
 e - 5 javelins
 q - 5 boomerangs
 t - 2 poisoned darts
Armour
 c - a +0 robe (worn)
 g - a +0 pair of gloves
 j - a +0 ring mail
 l - a +0 hat (worn)
Jewellery
 d - a +6 ring of intelligence (right claw)
 m - a +6 ring of intelligence (left claw)
 u - a +6 ring of intelligence
Scrolls
 h - 2 scrolls of amnesia {unknown}
 i - a scroll of poison
 s - a scroll of fear {unknown}
 v - a scroll of teleportation
Potions
 f - a potion of magic
 k - 3 potions of cancellation
 o - a potion of invisibility {unknown}
 p - a potion of experience {unknown}
 r - a potion of berserk rage {unknown}


   Skills:
 * Level 4.6 Fighting
 - Level 1.8 Dodging
 - Level 2.2 Stealth
 + Level 2.6 Unarmed Combat
 - Level 2.0 Spellcasting
 + Level 5.6 Necromancy


You had 5 spell levels left.
You knew the following spells:

 Your Spells              Type           Power      Damage    Failure   Level
a - Necrotize             Necr           100%       1d9       1%          1
b - Vampiric Draining     Necr           34%        2d8       2%          3

Your spell library contained the following spells:

 Spells                   Type           Power      Damage    Failure   Level
 Summon Small Mammal      Summ           8%         N/A       9%          1
 Animate Dead             Necr           34%        N/A       9%          4
 Call Canine Familiar     Summ           2%         N/A       26%         3
 Conjure Flame            Conj/Fire      2%         6-21      26%         3
 Ignite Poison            Fire/Tmut/Pois 2%         N/A       26%         3
 Summon Guardian Golem    Hex/Summ       2%         N/A       26%         3
 Agony                    Necr           34%        N/A       26%         5
 Sticky Flame             Conj/Fire      2%         2d3       65%         4


Dungeon Overview and Level Annotations

Branches:
Dungeon (4/15)
 Temple: D:4-7

Altars:
Sif Muna


Innate Abilities, Weirdness & Mutations

You have a pair of antennae on your head.
You have sharp fingernails.


Message History

The gnoll shaman hits you with a +0 whip!
You barely miss the gnoll shaman.
The gnoll shaman is heavily wounded.
The gnoll zaps a wand.
The puff of flame hits you! The gnoll shaman barely misses you.
You scratch the gnoll shaman but do no damage.
The gnoll shaman is heavily wounded.
The gnoll shaman hits you with a +0 whip.
You scratch the gnoll shaman.
The gnoll shaman is heavily wounded.
The gnoll hits you but does no damage. The gnoll shaman misses you.
You scratch the gnoll shaman but do no damage.
The gnoll shaman is heavily wounded.
The gnoll barely misses you.
The gnoll shaman calls upon its god to speed up the gnoll.
The gnoll seems to speed up.
You scratch the gnoll shaman but do no damage.
The gnoll shaman is heavily wounded.
The gnoll hits you from afar with a +0 spear.
* * * LOW HITPOINT WARNING * * *
The gnoll shaman hits you with a +0 whip.
* * * LOW HITPOINT WARNING * * *
The gnoll shaman attacks as you move away!
The gnoll shaman hits you with a +0 whip.
* * * LOW HITPOINT WARNING * * *
The gnoll closely misses you.
You claw the gnoll shaman!
The gnoll shaman is almost dead.
The gnoll barely misses you. The gnoll shaman closely misses you.
You scratch the gnoll shaman.
You kill the gnoll shaman!
The gnoll barely misses you.
The gnoll hits you from afar with a +0 spear.
* * * LOW HITPOINT WARNING * * *
Your life force feels restored.
The gnoll attacks as you move away! The gnoll misses you.
The gnoll barely misses you.
You scratch the gnoll but do no damage.
The gnoll hits you from afar with a +0 spear!
You die...

......###.......P.PP.....##.##
..##.###........P.PP..P..#####
#.............P♣...♣♣..###..
#........#.........♣.♣P....##...
#..#...####........P♣.♣.###...Z..
#........#.............# ##.....
.................#.....+ #P....
#.≈§§≈≈....####.##.....# ##P....
..≈○≈°≈.##.. #..@gg)♣♣♣.# #PP....
..○≈_§≈.###.###.##...♣.


PP..... .h§§§≈≈.# #..#..##..............# .h≈≈.≈≈.####.....##.........#....
hh........#....##...>#.....##..). .g...............................
...#............................. ...#........PPP...PPP..........##
...#.......PP.P...P..P........... You could see 2 gnolls.

Vanquished Creatures
  A bullfrog (D:3)
  A necrophage (D:4)
  A jelly (D:4)
  A gnoll shaman (D:4)
  An iguana (D:4)
  3 gnolls (D:2)
  2 river rats (D:3)
  6 adders
  A worm (D:3)
  3 dart slugs
  5 orcs (D:3)
  4 bats
  11 endoplasms
  3 giant cockroaches
  5 goblins
  8 hobgoblins
  3 jackals (D:1)
  2 quokkas
  6 ball pythons
  A frilled lizard (D:2)
  7 kobolds
  8 rats
83 creatures vanquished.

Vanquished Creatures (collateral kills)
  An orc (D:3)
  2 endoplasms
  A hobgoblin (D:3)
  A quokka (D:4)
  2 rats (D:3)
7 creatures vanquished.

Vanquished Creatures (others)
  3 fungi (D:4)
3 creatures vanquished.

Grand Total: 93 creatures vanquished

Notes
Turn   | Place    | Note
-------+----------+-------------------------------------------
     0 | D:1      | porpoise the Demonspawn Necromancer began the quest for the
                  | Orb.
     0 | D:1      | Reached XP level 1. HP: 13/13 MP: 3/3
   304 | D:1      | Reached skill level 1 in Fighting
   335 | D:1      | Discovered your monstrous ancestry.
   335 | D:1      | Gained mutation: You have sharp fingernails. [demonic
                  | ancestry]
   335 | D:1      | Reached XP level 2. HP: 21/21 MP: 3/5
   435 | D:1      | Found a faded altar of an unknown god.
   935 | D:1      | Gained mutation: You have a pair of small antennae on your
                  | head. [demonic ancestry]
   935 | D:1      | Reached XP level 3. HP: 27/27 MP: 1/6
  1006 | D:1      | Learned a level 3 spell: Vampiric Draining
  1597 | D:2      | Reached skill level 1 in Unarmed Combat
  1844 | D:2      | Gained mutation: You have a pair of antennae on your head.
                  | [demonic ancestry]
  1844 | D:2      | Reached XP level 4. HP: 25/34 MP: 0/7
  2798 | D:3      | Noticed a bullfrog
  2836 | D:3      | Killed a bullfrog
  2837 | D:3      | Reached skill level 5 in Necromancy
  2837 | D:3      | Reached XP level 5. HP: 6/41 MP: 0/8
  3751 | D:4      | Reached XP level 6. HP: 26/48 MP: 2/9
  3928 | D:4      | Noticed a sky beast
  4093 | D:4      | Found a shimmering blue altar of Sif Muna.
  4447 | D:4      | HP: 2/48 [gnoll/+0 spear (2)]
  4450 | D:4      | Slain by a gnoll

Illustrated notes

Levels and vault maps discovered:
D:1:      dpeg_arrival_radiant, layout_loops_cross,
          ebering_ecumenical_altar_hall, minmay_liquid_box
D:2:      layout_loops_corners
D:3:      layout_rooms, portal_sewer_entry_e, wad_floor_pattern_2
D:4:      layout_cave_pools, nicolae_sif_muna_condensation, serial_park,
          serial_park_square2, serial_park_gazebo [serial_park_minivault_5x5_5],
          serial_park_square3 [serial_park_minivault_5x5_6],
          serial_park_square2, lightli_corner_chamber

Skill      XL: |  1  2  3  4  5 |
---------------+----------------+-----
Fighting       | 1 2 3 4 |  4.6
Stealth        | 2 |  2.2
Unarmed Combat | 1 2 |  2.6
Necromancy     | 5 |  5.6
Dodging        | |  1.8
Spellcasting   | |  2.0

Action                   |  1- 3 |  4- 6 || total
-------------------------+-------+-------++-------
Melee: Unarmed           |     7 |    29 ||    36
       Short sword       |    10 |    48 ||    58
 Fire: Hunting sling     |       |     6 ||     6
 Cast: Necrotize         |    61 |    89 ||   150
  Use: Scroll            |       |     8 ||     8
       Potion            |       |     3 ||     3
 Stab: Sleeping          |     1 |       ||     1
Armor: Robe              |     1 |    10 ||    11
       Skin              |       |    31 ||    31
Dodge: Dodged            |    10 |    53 ||    63

Table legend: (Time is in decaauts)
 A = Elapsed time spent in this place.
 B = Non-inter-level travel time spent in this place.
 C = Inter-level travel time spent in this place.
 D = Time resting spent in this place.
 E = Time spent auto-exploring this place.
 F = Levels seen in this place.
 G = Mean time per level.
                   A        B        C        D        E       F      G
               +--------+--------+--------+--------+--------+-----+--------+
         Total |   4456 |   4345 |    111 |   1559 |   1732 |   4 | 1114.0 |
       Dungeon |   4456 |   4345 |    111 |   1559 |   1732 |   4 | 1114.0 |
               +--------+--------+--------+--------+--------+-----+--------+

Top non-repeatable levels by time:
     D:2: 1502 daAuts
     D:1: 1232 daAuts
     D:3: 1017 daAuts
     D:4: 705 daAuts
